 Dungeon Crawl Stone Soup version 0.22-a0-348-gd16d139 (webtiles) character file.

6 b5mith the Magician (level 1, 0/11 HPs)
             Began as an Octopode Wizard on Apr 8, 2018.
             Slain by a bat (1 damage)
             ... on level 1 of the Dungeon.
             The game lasted 00:01:30 (521 turns).

b5mith the Magician (Octopode Wizard)                Turns: 521, Time: 00:01:31

Health: 0/11       AC:  1    Str:  6    XL:     1   Next: 90%
Magic:  4/4        EV: 13    Int: 20    God:
Gold:   63         SH:  0    Dex: 10    Spells: 5/6 levels left

rFire    . . .     SeeInvis .   (no weapon)
rCold    . . .     Gourm    .   (no shield)
rNeg     . . .     Faith    .   a - +0 hat
rPois    .         Spirit   .   (no amulet)
rElec    .         Reflect  .   (no ring)
rCorr    .         Harm     .   (no ring)
MR       .....                  (no ring)
Stlth    +++.......             (no ring)
HPRegen  0.03/turn              (no ring)
MPRegen  0.09/turn              (no ring)
                                (no ring)
                                (no ring)

@: no status effects
A: almost no armour, stealthy swim, amphibious, 8 rings, constrict 8, camouflage
1, gelatinous body 1
a: no special abilities


You were on level 1 of the Dungeon.
You were not hungry.

You visited 1 branch of the dungeon, and saw 1 of its levels.

You collected 63 gold pieces.

Inventory:

Armour
 a - a +0 hat (worn)
Potions
 b - a potion of agility {unknown}
 d - a potion of curing {unknown}
Comestibles
 c - 2 rations


   Skills:
 + Level 2.1 Dodging
 + Level 2.9 Stealth
 + Level 0.3 Unarmed Combat
 + Level 3.0 Spellcasting
 + Level 1.2 Conjurations
   Level 1.0 Summonings
   Level 1.0 Translocations


You had 5 spell levels left.
You knew the following spells:

 Your Spells              Type           Power        Failure   Level  Hunger
a - Magic Dart            Conj           #...         9%          1    None


Dungeon Overview and Level Annotations

Branches:
Dungeon (1/15)

Altars:


Innate Abilities, Weirdness & Mutations

You cannot wear most types of armour.
You are very stealthy in the water. (Stealth+)
You are amphibious.
You can wear up to eight rings at the same time.
You can use your tentacles to constrict eight enemies at once.
Your skin changes colour to match your surroundings (Stealth+).
Your rubbery body absorbs attacks. (AC +1, EV +1)


Message History

You now have 63 gold pieces (gained 13).
Found a stone staircase leading down.
A hobgoblin comes into view. It is wielding a club.
The hobgoblin shouts!
You hear an angry hiss.
The hobgoblin moves out of view.
Found 34 arrows.
A rat comes into view.
The rat twitches its whiskers.
You tentacle-slap the hobgoblin but do no damage.
You grab the hobgoblin.
You constrict the hobgoblin, but do no damage.
The hobgoblin barely misses you.
A leopard gecko comes into view.
You tentacle-slap the hobgoblin but do no damage.
You constrict the hobgoblin.
You tentacle-slap the hobgoblin but do no damage.
The hobgoblin is heavily wounded.
You constrict the hobgoblin. The hobgoblin misses you.
You tentacle-slap the hobgoblin.
You kill the hobgoblin!
The leopard gecko completely misses you.
A bat comes into view.
You closely miss the leopard gecko. Your grab misses the leopard gecko.
The leopard gecko misses you.
You tentacle-slap the leopard gecko. Your grab misses the leopard gecko.
The leopard gecko is moderately wounded.
The bat misses you. The leopard gecko misses you.
You tentacle-slap the bat. You grab the bat.
The bat is moderately wounded.
You constrict the bat. The bat closely misses you.
The bat escapes!
The leopard gecko closely misses you.
You barely miss the rat. You grab the rat. You constrict the rat.
The bat completely misses you. The leopard gecko bites you.
The leopard gecko closely misses you. The rat closely misses you.
You tentacle-slap the leopard gecko. Your grab misses the leopard gecko.
The leopard gecko is moderately wounded.
You constrict the rat.
You kill the rat!
The bat hits you but does no damage.
The leopard gecko hisses menacingly.
The leopard gecko bites you.
You closely miss the leopard gecko. Your grab misses the leopard gecko.
The leopard gecko is moderately wounded.
The bat hits you but does no damage. The leopard gecko barely misses you.
You miss the leopard gecko. Your grab misses the leopard gecko.
The leopard gecko is moderately wounded.
The bat hits you but does no damage. The leopard gecko bites you.
* * * LOW HITPOINT WARNING * * *
The bat hits you.
You die...

#.... .# #....# ..
#....##( #....#..
#....#.# .
#......####...
.###..#.#bl......#
........@........#
######.#######..#
#.# #..# #. #.#
#..# #. #.# #..#
#. #.# #>.# #. #.#
#..#### #. #.##
#.....# #.
##..######.###.##
#.


You could see a leopard gecko and a bat.

Vanquished Creatures
  A goblin (D:1)
  2 hobgoblins (D:1)
  A ball python (D:1)
  A frilled lizard (D:1)
  A rat (D:1)
6 creatures vanquished.

Notes
Turn   | Place    | Note
-------+----------+-------------------------------------------
     0 | D:1      | b5mith the Octopode Wizard began the quest for the Orb.
     0 | D:1      | Reached XP level 1. HP: 11/11 MP: 4/4
   521 | D:1      | Slain by a bat

Vault maps used:
D:1:      dpeg_arrival_boxorama, minmay_hexomino_p4

Action                   || total
-------------------------++-------
Melee: Unarmed           ||    20
       Constrict         ||     5
       Tentacles         ||     2
 Cast: Magic Dart        ||     2
 Stab: Sleeping          ||     2
Armor: Skin              ||     3
Dodge: Dodged            ||    18

Table legend:
 A = Spawn XP
 B = Non-spawn XP
 C = Spawn XP percentage of total XP
 D = Spawn monster count
 E = Non-spawn monster count
 F = Spawn count percentage of total count
 G = Total turns spent on level
                    A         B        C        D         E        F      G
               +---------+---------+-------+---------+---------+-------+---------
         Total |       0 |       9 |   0.0 |       0 |       6 |   0.0 |   521
               +---------+---------+-------+---------+---------+-------+---------
           D:1 |       0 |       9 |   0.0 |       0 |       6 |   0.0 |   521
               +---------+---------+-------+---------+---------+-------+---------
